 Dungeon Crawl Stone Soup version 0.24.0-13-gcf9b3192b9 (webtiles) character file.

Game seed: 11972430398986121488, levelgen mode: deterministic

121 ANON1729 the Ducker (level 4, 0/30 HPs)
             Began as a Demonspawn Gladiator on Nov 9, 2019.
             Was a Follower of Hepliaklqana.
             Slain by an orc wizard
             ... wielding a +0 dagger
              (4 damage)
             ... on level 3 of the Dungeon.
             The game lasted 00:03:32 (3135 turns).

ANON1729 the Ducker (Demonspawn Gladiator)          Turns: 3135, Time: 00:03:32

Health: 0/30       AC:  7    Str: 14    XL:     4   Next: 76%
Magic:  5/5        EV: 13    Int: 11    God:    Hepliaklqana [*.....]
Gold:   163        SH:  0    Dex: 14    Spells: 3/3 levels left

rFire    . . .     SeeInvis .   a - +0 quarterstaff
rCold    . . .     Gourm    .   (shield currently unavailable)
rNeg     . . .     Faith    .   b - +0 leather armour
rPois    .         Spirit   .   (helmet restricted)
rElec    .         Reflect  .   j - scarf {cloud immunity}
rCorr    .         Harm     .   (no gloves)
MR       .....                  n - +1 pair of boots
Stlth    +.........             (no amulet)
HPRegen  0.10/turn              (no ring)
MPRegen  0.09/turn              (no ring)

@: slowed, very slow
A: reduced essence, antennae 1, icy blue scales 1
a: Recall Ancestor, Ancestor Identity, Renounce Religion


You were on level 3 of the Dungeon.
You worshipped Hepliaklqana.
Hepliaklqana was aware of your devotion.
You were not hungry.

You visited 1 branch of the dungeon, and saw 4 of its levels.

You collected 163 gold pieces.

Inventory:

Hand Weapons
 a - a +0 quarterstaff (weapon)
 c - a +0 dagger
Missiles
 d - 3 throwing nets (quivered)
Armour
 b - a +0 leather armour (worn)
 j - a scarf of cloud immunity (worn)
 n - a +1 pair of boots (worn)
Wands
 m - a wand of random effects (13)
Scrolls
 e - 3 scrolls of blinking {unknown}
 g - a scroll of immolation {unknown}
 h - 4 scrolls of remove curse {unknown}
 i - 5 scrolls of identify {unknown}
 k - a scroll of fog {unknown}
 p - a scroll of magic mapping {unknown}
Potions
 l - a potion of haste {unknown}
 o - a potion of might {unknown}
Comestibles
 f - 2 rations


   Skills:
 + Level 2.8 Fighting
 + Level 3.3 Staves
 + Level 2.6 Throwing
 + Level 3.3 Dodging
 * Level 2.1 Invocations


You had 3 spell levels left.
You didn't know any spells.
Your spell library was empty.

Dungeon Overview and Level Annotations

Branches:
Dungeon (4/15)
 Temple: D:4-7

Altars:
Fedhas
Hepliaklqana
Kikubaaqudgha


Innate Abilities, Weirdness & Mutations

You have a pair of small antennae on your head.
You are partially covered in icy blue scales. (AC +2)
Your life essence is reduced to manifest your ancestor. (-10% HP)


Message History

Kendra hits the orc wizard.
You barely miss the orc.
The orc is moderately wounded.
The orc wizard hits Kendra with a +0 dagger.
The orc barely misses you.
The orc wizard hits Kendra with a +0 dagger.
Kendra is destroyed!
The orc misses you.
You hit the orc.
The orc is heavily wounded.
The orc wizard hits you with a +0 dagger.
* * * LOW HITPOINT WARNING * * *
The orc barely misses you. The orc wizard misses you.
The orc hits you but does no damage.
You sock the orc!
You kill the orc!
The orc wizard hits you but does no damage.
The orc wizard closely misses you.
The orc wizard hits you with a +0 dagger.
You die...

...........#.# #...#..###........
....†(.....#.# #......(##........
..###.#.#.##.# #.....>...........
......#.#....# #...#o####.......#
..#####.###..###...#.####....####
..†......<#..........#.......# #
...####.###.####...)[#.###...# ##
#### #.#.....##o###)#.#########.
#.#.#.#.##@#.............#.
#(#.#)#.##)#.#.#.#####.....
#.#...#.##.#...#.# #.....
#.#####.##...§...# #.##..
#.#.....########## #.##..
#.#.##### #.#... #.#.# ###._.
#.#.#


#PPP #.#.# #### You could see an orc wizard.

Vanquished Creatures
  3 adders
  2 dart slugs
  A leopard gecko (D:3)
  5 orcs (D:3)
  A giant cockroach (D:3)
  11 goblins
  8 hobgoblins
  13 bats
  3 frilled lizards
  6 kobolds
  16 rats
69 creatures vanquished.

Vanquished Creatures (collateral kills)
  2 orcs (D:3)
  2 bats (D:2)
  2 giant cockroaches
  A goblin (D:2)
  2 kobolds (D:3)
  2 rats (D:3)
11 creatures vanquished.

Vanquished Creatures (others)
  An ancestor (D:3)
1 creature vanquished.

Grand Total: 81 creatures vanquished

Notes
Turn   | Place    | Note
-------+----------+-------------------------------------------
     0 | D:1      | ANON1729 the Demonspawn Gladiator began the quest for the
                  | Orb.
     0 | D:1      | Reached XP level 1. HP: 16/16 MP: 1/1
   165 | D:1      | Gained mutation: You have a pair of small antennae on your
                  | head. [demonic ancestry]
   165 | D:1      | Reached XP level 2. HP: 13/22 MP: 2/2
  1367 | D:1      | Gained mutation: You are partially covered in icy blue
                  | scales. (AC +2) [demonic ancestry]
  1367 | D:1      | Reached XP level 3. HP: 23/28 MP: 3/3
  1695 | D:2      | Found a hazy altar of Hepliaklqana.
  1731 | D:2      | Became a worshipper of Hepliaklqana the Forgotten
  2201 | D:3      | Reached XP level 4. HP: 25/30 MP: 4/4
  2272 | D:3      | Reached skill level 1 in Invocations
  2305 | D:3      | Reached * piety under Hepliaklqana
  3076 | D:3      | Found an ancient bone altar of Kikubaaqudgha.
  3076 | D:3      | Found a blossoming altar of Fedhas.
  3135 | D:3      | Slain by an orc wizard

Levels and vault maps discovered:
D:1:      sevenhm_arrival_forest_fort_large_4, layout_basic
D:2:      layout_loops_ring, overflow_temple_1_default
D:3:      minmay_evil_eye, layout_basic, grunt_temple_overflow_growth_and_decay
D:4:      layout_loops_corners, grunt_ministairs_3, solitary_fountain,
          chequers_big_river, nicolae_qazlal_general_emergency

Skill      XL: |  1  2  3  4 |
---------------+-------------+-----
Throwing       | 2 |  2.6
Staves         | 3 |  3.3
Dodging        | 3 |  3.3
Invocations    | 2 |  2.1
Fighting       | |  2.8

Action                   |  1- 3 |  4- 6 || total
-------------------------+-------+-------++-------
Melee: Quarterstaff      |   138 |    72 ||   210
Invok: Ancestor Identity |       |     1 ||     1
 Stab: Sleeping          |     3 |       ||     3
  Eat: Chunk             |     4 |     3 ||     7
Armor: Leather armour    |    61 |    20 ||    81
Dodge: Dodged            |   142 |    69 ||   211
